 Dungeon Crawl Stone Soup version 0.28-a0-909-g796cbd3a86 (webtiles) character file.

Game seed: 10798520903705947413

97703 Zonian the Slicer (level 15, -13/120 HPs)
             Began as a Demonspawn Gladiator on Nov 24, 2021.
             Was a High Priest of Wu Jian.
             Mangled by an orc knight (22 damage)
             ... on level 1 of the Orcish Mines.
             The game lasted 01:38:59 (28040 turns).

Zonian the Slicer (Demonspawn Gladiator)           Turns: 28040, Time: 01:39:06

Health: -13/120    AC: 17    Str: 16    XL:     15   Next: 72%
Magic:  0/25       EV: 18    Int: 11    God:    Wu Jian [*****.]
Gold:   975        SH: 12    Dex: 18    Spells: 22/28 levels left

rFire   . . .      SeeInvis .   d - +6 short sword (freeze)
rCold   . . .      Faith    .   V - +2 buckler
rNeg    . . .      Spirit   +   M - +4 troll leather armour {Snorg}
rPois   .          Reflect  +   c - +0 helmet
rElec   .          Harm     .   (no cloak)
rCorr   +          Rampage  .   F - +0 pair of gloves
Will    ++...                   (boots unavailable)
Stlth   ++++++....              m - amulet of reflection
HPRegen 1.30/turn               a - ring of Widizet {Will+ rCorr Stlth+}
MPRegen 0.38/turn               p - +4 ring of protection

@: no status effects
A: hooves 3, slimy green scales 2, spiny 1, magic shield, magic regeneration,
magic link
a: Renounce Religion, Wall Jump, Serpent's Lash, Heavenly Storm


You were on level 1 of the Orcish Mines.
You worshipped Wu Jian.
Wu Jian was extremely pleased with you.
You visited 3 branches of the dungeon, and saw 23 of its levels.
You visited 1 bazaar.

You collected 2175 gold pieces.
You spent 1200 gold pieces at shops.

Inventory:

Hand Weapons
 d - a +6 short sword of freezing (weapon)
 g - the +10 morningstar "Eos" {elec, Halo rElec}
   (You found it on level 6 of the Lair of Beasts)

   It occasionally discharges a powerful burst of electricity upon striking a
   foe.
   It grants its wielder a halo, increasing accuracy against those within it.
   rElec:     It insulates you from electricity.
 K - a +5 spear
 O - a +6 dagger of electrocution
 Z - the +7 dagger "Puquc" {freeze, *Rage rF+ Will+ rCorr}
   (You bought it in a shop on level 12 of the Dungeon)

   It freezes those it strikes, dealing additional cold damage.
   It can also slow down cold-blooded creatures.
   rF:        It protects you from fire.
   *Rage:     It berserks you when you make melee attacks (+20% chance).
   rCorr:     It protects you from acid and corrosion.
   Will:      It increases your willpower.
Missiles
 k - 71 sling bullets
 s - 76 poisoned darts (quivered)
 v - a silver javelin
 A - 9 boomerangs
 H - 13 curare-tipped darts
Armour
 c - a +0 helmet (worn)
 F - a +0 pair of gloves (worn)
 M - a +4 troll leather armour (worn) {Snorg}
 V - a +2 buckler (worn)
Magical Staves
 B - a staff of conjuration
Jewellery
 a - the ring of Widizet (left hand) {Will+ rCorr Stlth+}
   (You bought it in a shop in a bazaar)

   [ring of resist corrosion]

   rCorr:     It protects you from acid and corrosion.
   Will:      It increases your willpower.
   Stlth:     It makes you more stealthy.
 e - an amulet of regeneration
 h - a ring of willpower
 m - an amulet of reflection (around neck)
 p - a +4 ring of protection (right hand)
 q - a ring of protection from cold
 C - a ring of positive energy
 D - a ring of willpower
Wands
 j - a wand of flame (34)
 t - a wand of mindburst (12)
 u - a wand of paralysis (10)
 y - a wand of polymorph (19)
 E - a wand of digging (2)
 U - a wand of iceblast (18)
Scrolls
 b - a scroll of fog
 i - 4 scrolls of identify
 N - 2 scrolls of teleportation
 Q - 2 scrolls of amnesia
Potions
 f - 5 potions of cancellation
 l - a potion of berserk rage
 n - 4 potions of flight
 o - 4 potions of brilliance
 r - 5 potions of resistance
 w - 5 potions of mutation
 x - a potion of haste
 z - 3 potions of lignification
 G - 4 potions of attraction
 I - a potion of ambrosia
 L - 4 potions of magic
 R - 4 potions of might
 S - 8 potions of curing
Miscellaneous
 J - a box of beasts
 X - a tin of tremorstones (inert)


   Skills:
 + Level 11.7 Fighting
 - Level 11.9 Short Blades
 * Level 7.6 Maces & Flails
 - Level 3.3 Polearms
 - Level 3.0 Throwing
 - Level 0.6 Armour
 - Level 10.3 Dodging
 - Level 10.4 Stealth
 - Level 4.0 Shields
 - Level 7.1 Spellcasting
 - Level 7.7 Conjurations
 - Level 7.1 Fire Magic
 - Level 6.4 Evocations


You had 22 spell levels left.
You knew the following spells:

 Your Spells              Type           Power      Damage    Failure   Level
a - Scorch                Fire           38%        2d6       1%          2
b - Flame Wave            Conj/Fire      20%        3d6       10%         4

Your spell library contained the following spells:

 Spells                   Type           Power      Damage    Failure   Level
 Animate Skeleton         Necr           6%         N/A       22%         1
 Apportation              Tloc           6%         N/A       22%         1
 Summon Small Mammal      Summ           12%        N/A       22%         1
 Iskenderun's Battlesphe  Conj           20%        2d7       24%         5
 Fireball                 Conj/Fire      10%        3d6       28%         5
 Ensorcelled Hibernation  Hex/Ice        6%         N/A       32%         2
 Call Canine Familiar     Summ           3%         N/A       54%         3
 Gell's Gravitas          Tloc           3%         N/A       54%         3
 Portal Projectile        Hex/Tloc       6%         N/A       54%         3
 Spider Form              Tmut/Pois      3%         N/A       54%         3
 Summon Guardian Golem    Hex/Summ       3%         N/A       54%         3
 Tukima's Dance           Hex            3%         N/A       54%         3
 Conjure Ball Lightning   Conj/Air       6%         3x3d6     100%        6
 Dispersal                Tloc           1%         N/A       100%        6
 Summon Cactus Giant      Summ           1%         N/A       100%        6
 Orb of Destruction       Conj           10%        9d5       100%        7
 Disjunction              Tloc           1%         N/A       100%        8


Dungeon Overview and Level Annotations

Branches:
Dungeon (15/15)            Temple (0/1) D:4            Lair (6/6) D:11
  Swamp (0/4) Lair:4        Snake (0/4) Lair:4        Slime (0/5) Lair:6
    Orc (2/2) D:12         Vaults (0/5) D:14         Depths (0/4) D:15
    Elf: Orc:2

Altars:
Cheibriados
Dithmenos
Elyvilon
Gozag
Hepliaklqana
Okawaru
Qazlal
Sif Muna
Trog
Uskayaw
Wu Jian
Yredelemnul
Zin
The Shining One

Shops:
D:3 *   D:12 =(   Orc:2 *

Annotations:
D:6 2 transporters, ragingrage's ghost, novice OgFE
D:7 2 runed translucent doors
Lair:5 2 transporters, Tynuabry's ghost, journeyman DECj


Innate Abilities, Weirdness & Mutations

You have hooves in place of feet.
You are mostly covered in slimy green scales. (AC +3)
You are partially covered in sharp spines.
When hurt, damage is shared between your health and your magic reserves.
You regenerate magic rapidly.
When low on magic, you restore magic in place of health.


Message History

(Press . to intensify the flame waves.)
The orc knight is struck by your spines.
The orc knight closely misses you. You block the orc knight's attack.
The orc knight no longer looks unusually strong.
Unknown command.
You hit the orc knight. You freeze the orc knight.
Your kick misses the orc knight.
The orc knight is heavily wounded.
The orc knight roars a battlecry!
The orc knight goes into a battle-frenzy!
You puncture the orc knight! You freeze the orc knight.
You kick the orc knight, but do no damage.
The orc knight is severely wounded.
Unknown command.
You hit the orc knight. You freeze the orc knight.
The orc knight is severely wounded.
You block the orc knight's attack.
The orc knight suddenly roars.
Unknown command.
You hit the orc knight. You freeze the orc knight. You kick the orc knight.
The orc knight is almost dead.
Unknown command.
You puncture the orc knight! You freeze the orc knight.
You kick the orc knight, but do no damage.
The orc knight is almost dead.
The orc knight hits you with a +0 dire flail!!!
* * * LOW HITPOINT WARNING * * *
You block the orc knight's attack.
Unknown command.
The orc knight no longer looks unusually strong.
You see here a +0 whip.
You see here a +0 hand axe.
Things that are here:
a +0 leather armour; a +0 dagger
Aiming: Mindburst
Press: ? - help, Shift-Dir - straight line, f - orc knight
Aim: an orc knight, wielding a +0 dire flail and wearing a +0 plate armour (almost dead, strong, chance to affect: 73%)
The orc knight struggles to resist.
The orc knight hits you with a +0 dire flail!!!
You die...

..............##.........#.#.##
.#......................######
#.......................##
.........#...............##
.............[...#).......#
#........#...##.##....#...#
.............))##......#.##
.........[....)o#[)#..####
...>...........#@)[####
...............#..##
....#.......#.....#
...........###...##
....#........#...##
..................##
........#.##.#...#.##
........####........#
.........^#.........##


You could see an orc knight (strong).

Vanquished Creatures
  Rupert (Lair:3)
  Agnes (D:15)
  A very ugly thing (D:15)
  Snorg (D:10)
  A great orb of eyes (D:15)
  4 vault guards
  2 boulder beetles
  9 hydras
  9 centaur warriors
  2 death knights
  16 death yaks
  3 two-headed ogres
  3 orc high priests (Orc:2)
  A skeletal warrior (D:12)
  A phantasmal warrior (D:13)
  A wizard (D:15)
  A deep elf pyromancer (D:14)
  2 orc knights
  20 elephants
  5 orc sorcerers (Orc:2)
  A salamander (shapeshifter) (D:14)
  6 cyclopes
  A manticore (D:14)
  8 black mambas
  7 ugly things
  A torpor snail (Lair:5)
  A gargoyle (D:14)
  12 cane toads
  4 rime drakes
  5 unseen horrors
  6 komodo dragons
  2 efreet
  A tengu conjurer (D:14)
  A troll (shapeshifter) (D:14)
  A tyrant leech (shapeshifter) (D:15)
  5 polar bears
  A jumping spider (shapeshifter) (D:14)
  10 trolls
  7 blink frogs
  4 hornets (Lair:6)
  9 dream sheep
  6 slime creatures (D:15)
  A tarantella (shapeshifter) (D:14)
  2 shadows
  5 wraiths
  5 wyverns
  10 spriggans (Lair:6)
  Eustachio (D:6)
  A steam dragon (D:8)
  7 basilisks
  Grum (D:10)
  46 yaks
  16 vampire mosquitoes
  6 wargs
  12 water moccasins
  4 nagas (Lair:4)
  2 acid dragons
  An ice beast (D:5)
  5 black bears
  23 orc warriors
  3 sky beasts
  5 boggarts (Lair:6)
  26 wolves
  7 centaurs
  12 ogres
  A phantom (D:6)
  5 kobold brigands
  11 bullfrogs
  5 gnoll sergeants (D:12)
  2 scorpions
  A wyvern skeleton (D:4)
  3 wights (D:9)
  2 killer bees (D:10)
  2 electric eels
  2 centaur zombies
  16 orc priests
  A bullfrog skeleton (D:6)
  A gnoll shaman (D:5)
  15 jellies
  A centaur skeleton (D:7)
  7 hell rats (Lair:3)
  8 iguanas
  19 orc wizards
  A killer bee zombie (D:6)
  A hound zombie (D:5)
  A hound skeleton (D:4)
  A howler monkey zombie (D:8)
  12 gnolls
  10 adders
  A white imp (D:8)
  An ufetubus (D:6)
  2 adder skeletons
  3 worms
  2 dart slugs
  65 orcs
  7 ball pythons
  4 endoplasms
  4 giant cockroaches
  3 goblins
  4 hobgoblins
  4 jackals
  11 kobolds
  3 quokkas
  5 bats
  5 frilled lizards
  7 rats
  A butterfly (Lair:5)
644 creatures vanquished.

Vanquished Creatures (collateral kills)
  A skeletal warrior (D:13)
  A gargoyle (D:13)
  A freezing wraith (D:13)
3 creatures vanquished.

Vanquished Creatures (others)
  33 fungi
  88 plants
121 creatures vanquished.

Grand Total: 768 creatures vanquished

Notes
Turn   | Place    | Note
-------+----------+-------------------------------------------
     0 | D:1      | Zonian the Demonspawn Gladiator began the quest for the
                  | Orb.
     0 | D:1      | Reached XP level 1. HP: 16/16 MP: 1/1
   406 | D:1      | Gained mutation: You regenerate magic rapidly. [demonic
                  | ancestry]
   406 | D:1      | Reached XP level 2. HP: 17/22 MP: 2/2
   992 | D:2      | Gained mutation: You are partially covered in slimy green
                  | scales. (AC +2) [demonic ancestry]
   992 | D:2      | Reached XP level 3. HP: 27/27 MP: 3/3
  1657 | D:2      | Gained mutation: You have large cloven feet. [demonic
                  | ancestry]
  1657 | D:2      | Reached XP level 4. HP: 14/34 MP: 4/4
  2191 | D:2      | Reached skill level 1 in Stealth
  2377 | D:3      | Reached skill level 1 in Short Blades
  2449 | D:3      | Found Sius's Assorted Antiques.
  2454 | D:3      | Bought a scroll labelled JUCIEM CEACLUQEO for 18 gold
                  | pieces
  2454 | D:3      | Bought a lumpy dark potion for 16 gold pieces
  2488 | D:3      | Found a faded altar of an unknown god.
  2499 | D:3      | Prayed at the altar of an unknown god.
  2499 | D:3      | Became a worshipper of the Wu Jian Council
  2499 | D:3      | Reached * piety under Wu Jian
  2863 | D:4      | Gained mutation: You are partially covered in sharp spines.
                  | [demonic ancestry]
  2863 | D:4      | Reached XP level 5. HP: 36/39 MP: 5/5
  3087 | D:4      | Reached XP level 6. HP: 47/47 MP: 6/6
  3120 | D:4      | Found a staircase to the Ecumenical Temple.
  3431 | D:4      | You fall into a shaft and drop 3 floors!
  3431 | D:7      | Found a hide-covered altar of Uskayaw.
  3446 | D:7      | Noticed an air elemental
  3448 | D:7      | Found a stormy altar of Qazlal.
  3450 | D:7      | Noticed a water elemental
  3450 | D:7      | Noticed a fire elemental
  3496 | D:7      | Found a runed translucent door.
  3537 | D:6      | Found an iron altar of Okawaru.
  3540 | D:6      | Noticed an ice beast
  3546 | D:5      | Entered Level 5 of the Dungeon
  3743 | D:4      | Reached ** piety under Wu Jian
  4373 | D:3      | Bought an encrusted iron wand for 72 gold pieces
  4459 | D:5      | Gained mutation: You are mostly covered in slimy green
                  | scales. (AC +3) [demonic ancestry]
  4459 | D:5      | Reached XP level 7. HP: 52/52 MP: 7/7
  4498 | D:5      | Reached skill level 5 in Short Blades
  4498 | D:5      | Reached skill level 1 in Evocations
  4997 | D:5      | Gained mutation: You have hoof-like feet. [demonic
                  | ancestry]
  4997 | D:5      | Reached XP level 8. HP: 57/58 MP: 8/8
  5096 | D:6      | Found an ornate altar of the Wu Jian Council.
  5098 | D:6      | Found a basalt altar of Yredelemnul.
  5099 | D:6      | Found an opulent altar of Gozag.
  5122 | D:6      | Identified the +7 great mace of Yesterday {vamp, Int-3
                  | Dex+10 Stlth+}
  5122 | D:6      | Noticed a two-headed ogre
  5123 | D:6      | Found a transporter.
  5124 | D:6      | Noticed ragingrage's ghost (novice OgFE)
  5125 | D:6      | Found a transporter.
  5208 | D:6      | You fall into a shaft and drop 2 floors!
  5328 | D:8      | Noticed a two-headed ogre
  5339 | D:8      | Killed a two-headed ogre
  5340 | D:8      | Reached skill level 5 in Stealth
  5340 | D:8      | Reached XP level 9. HP: 65/65 MP: 9/9
  5906 | D:7      | Noticed a skeletal warrior
  6048 | D:7      | Found a hazy altar of Hepliaklqana.
  6411 | D:7      | Noticed a skeletal warrior
  6556 | D:7      | Found a shimmering blue altar of Sif Muna.
  6650 | D:6      | Noticed Eustachio
  6660 | D:6      | Killed Eustachio
  6660 | D:6      | Reached *** piety under Wu Jian
  7255 | D:7      | Found a runed translucent door.
  7338 | D:7      | Noticed a death knight
  8539 | D:9      | Found a shadowy altar of Dithmenos.
  8610 | D:9      | Noticed a centaur warrior
  8626 | D:9      | Killed a centaur warrior
  8627 | D:9      | Reached skill level 5 in Dodging
  8627 | D:9      | Reached skill level 5 in Evocations
  8627 | D:9      | Gained mutation: You have hooves in place of feet. [demonic
                  | ancestry]
  8627 | D:9      | Reached XP level 10. HP: 11/73 MP: 10/10
  9034 | D:9      | Found a snail-covered altar of Cheibriados.
  9058 | D:9      | You fall into a shaft and drop 1 floor!
  9058 | D:10     | Entered Level 10 of the Dungeon
  9062 | D:10     | Noticed Grum
  9694 | D:10     | Reached skill level 1 in Shields
 10234 | D:10     | Reached skill level 5 in Fighting
 10234 | D:10     | Reached skill level 10 in Short Blades
 10503 | D:10     | Noticed Snorg
 10731 | D:10     | Killed Snorg
 10732 | D:10     | Reached XP level 11. HP: 46/80 MP: 11/11
 10999 | D:10     | Killed Grum
 10999 | D:10     | Reached **** piety under Wu Jian
 11687 | D:11     | Found a staircase to the Lair.
 11724 | Lair:1   | Entered Level 1 of the Lair of Beasts
 11733 | Lair:1   | Noticed a four-headed hydra
 11747 | Lair:1   | Killed a four-headed hydra
 11835 | Lair:1   | Found a snail-covered altar of Cheibriados.
 13873 | Lair:3   | Noticed Rupert
 14033 | Lair:3   | Learned a level 2 spell: Scorch
 14090 | Lair:3   | Reached XP level 12. HP: 40/91 MP: 12/12
 14097 | Lair:3   | Reached skill level 1 in Conjurations
 14097 | Lair:3   | Reached skill level 1 in Fire Magic
 14296 | Lair:3   | Reached skill level 1 in Spellcasting
 14421 | Lair:3   | Noticed an eight-headed hydra
 14429 | Lair:3   | Killed Rupert
 14431 | Lair:3   | Killed an eight-headed hydra
 14465 | Lair:3   | Noticed a death yak
 14551 | Lair:3   | Reached ***** piety under Wu Jian
 14680 | Lair:3   | Found an ornate altar of the Wu Jian Council.
 14682 | Lair:3   | Found a hide-covered altar of Uskayaw.
 14682 | Lair:3   | Noticed a boulder beetle
 14842 | Lair:3   | Noticed a death yak
 14842 | Lair:3   | Noticed a death yak
 14843 | Lair:3   | Noticed a death yak
 14852 | Lair:3   | Noticed a death yak
 14869 | Lair:3   | Killed a death yak
 14890 | Lair:3   | Killed a death yak
 14897 | Lair:3   | Killed a death yak
 14912 | Lair:3   | Killed a death yak
 14938 | Lair:3   | Killed a death yak
 15134 | Lair:3   | Killed a boulder beetle
 15340 | Lair:3   | Noticed a four-headed hydra
 15353 | Lair:3   | Killed a four-headed hydra
 15718 | Lair:4   | Noticed an eight-headed hydra
 15720 | Lair:4   | Killed an eight-headed hydra
 15733 | Lair:4   | Gained mutation: When hurt, damage is shared between your
                  | health and your magic reserves. [demonic ancestry]
 15733 | Lair:4   | Reached XP level 13. HP: 99/99 MP: 18/18
 16632 | Lair:4   | Found a staircase to the Snake Pit.
 16648 | Lair:4   | Found a staircase to the Swamp.
 17078 | Lair:4   | Upgraded the game from 0.28-a0-906-g0406aca7d3 to
                  | 0.28-a0-909-g796cbd3a86
 17379 | Lair:5   | Reached skill level 5 in Conjurations
 17753 | Lair:5   | Reached skill level 5 in Spellcasting
 17779 | Lair:5   | Reached skill level 5 in Fire Magic
 17933 | Lair:5   | Found a transporter.
 17938 | Lair:5   | Found a transporter.
 17947 | Lair:5   | Found a bloodstained altar of Trog.
 17947 | Lair:5   | Noticed Tynuabry's ghost (journeyman DECj)
 18672 | Lair:6   | Entered Level 6 of the Lair of Beasts
 18729 | Lair:5   | Learned a level 4 spell: Flame Wave
 18818 | Lair:6   | Reached XP level 14. HP: 109/109 MP: 22/22
 18960 | Lair:6   | Found a staircase to the Slime Pits.
 19245 | Lair:6   | Reached ****** piety under Wu Jian
 19292 | Lair:6   | Reached skill level 10 in Fighting
 19791 | Lair:6   | Found the +10 morningstar "Eos" {elec, Halo rElec}
 20081 | Lair:6   | Reached skill level 1 in Maces & Flails
 21578 | D:12     | Found Peifowkaf's One-of-a-Kind Rings.
 21654 | D:12     | Found a staircase to the Orcish Mines.
 21669 | D:12     | Reached skill level 10 in Dodging
 21703 | D:12     | Reached skill level 10 in Stealth
 22095 | D:12     | Found Zaegep's Antique Weapon Boutique.
 22103 | D:12     | Bought a masterwork dagger for 224 gold pieces
 22103 | D:12     | Identified the +7 dagger "Puquc" {freeze, *Rage rF+ Will+
                  | rCorr} (You bought it in a shop on level 12 of the Dungeon)
 22230 | D:12     | Identified the +4 ring mail "Nawnie" {Will++ rCorr Str-5
                  | Dex+2}
 22613 | D:13     | Got the Handbook of Orientation
 23938 | D:13     | Gained mutation: When low on magic, you restore magic in
                  | place of health. [demonic ancestry]
 23938 | D:13     | Reached XP level 15. HP: 58/117 MP: 15/25
 24206 | D:14     | Found a gate to the Vaults.
 24240 | D:14     | Found a flickering gateway to a bazaar.
 24264 | Bazaar   | Entered a bazaar
 24266 | Bazaar   | Found Ranet's Jewellery Boutique.
 24270 | Bazaar   | Found Esuuple's Assorted Antiques.
 24270 | Bazaar   | Found Hidyli's Jewellery Boutique.
 24270 | Bazaar   | Found Supaja Lomn's Distillery.
 24321 | Bazaar   | Bought the ring of Widizet {Will+ rCorr Stlth+} for 354
                  | gold pieces
 24329 | Bazaar   | Bought 2 potions of curing for 84 gold pieces
 24337 | Bazaar   | Bought a jewelled fluorescent wand for 108 gold pieces
 24337 | Bazaar   | Bought a bubbling sapphire potion for 24 gold pieces
 24351 | Bazaar   | Bought a wand of iceblast (9) for 108 gold pieces
 24351 | Bazaar   | Bought a wand of iceblast (5) for 108 gold pieces
 24358 | Bazaar   | Bought a potion of curing for 42 gold pieces
 24358 | Bazaar   | Bought a potion of curing for 42 gold pieces
 25251 | D:15     | Entered Level 15 of the Dungeon
 25419 | D:15     | Reached skill level 5 in Maces & Flails
 25682 | D:15     | Found a hide-covered altar of Uskayaw.
 25907 | D:15     | Noticed Agnes
 25924 | D:15     | Killed Agnes
 26255 | D:15     | Found a staircase to the Depths.
 26584 | Orc:1    | Entered Level 1 of the Orcish Mines
 27126 | Orc:2    | Entered Level 2 of the Orcish Mines
 27278 | Orc:2    | Found Eboini's Mayhem Merchandise.
 27475 | Orc:2    | Noticed an orc warlord
 28040 | Orc:1    | Mangled by an orc knight

Illustrated notes

Levels and vault maps discovered:
D:1:      dpeg_arrival_court, layout_rooms
D:2:      layout_basic
D:3:      layout_rooms, basic_ecumenical_altar, serial_shops, shop_statue,
          minmay_misc_feat_alley, minmay_misc_feat_hallway
D:4:      layout_layer_cave, minmay_temple_entry_grid, minmay_strange_pillars,
          kennysheep_crisscross, kennysheep_small_square
D:5:      layout_loops_ring, mainiacjoe_overflow_24_doors
D:6:      layout_loops_cross, grunt_temple_overflow_open, gammafunk_ghost_smash,
          kennysheep_another_room, uniq_eustachio
D:7:      lemuel_insect_pit, layout_loops_ring, mainiacjoe_overflow_chevrons,
          nicolae_qazlal_style_of_elements, mainiacjoe_overflow_catwalk,
          nicolae_sif_muna_little_library, minmay_misc_feat_encased
D:8:      layout_basic, grunt_ministairs_4, patterned_corridor
D:9:      layout_basic, kennysheep_slug_shrine, grunt_dithmenos_shadows
D:10:     layout_small_grid, minmay_diced_spiral, uniq_snorg, uniq_grum
D:11:     layout_gridville, minmay_lair_entry_grove, hangedman_decor_peaks_small
D:12:     layout_long_grid, kennysheep_orc_monster_closet_entryway,
          serial_shops, shop, nicolae_shop_unique_rings, minmay_starry_boxes
D:13:     layout_roguey
D:14:     layout_roguey, lightli_vaults_fourway_checkpoint, serial_shops,
          bzr_entry_dummy
D:15:     gammafunk_enter_depths_forms, layout_stronghold,
          nicolae_uskayaw_dance_hall, uniq_agnes
Lair:1:   layout_regular_city, basic_altar, lemuel_fruit_tree
Lair:2:   layout_small_grid, hangedman_lair_generics_rect,
          infiniplex_staircase_pool
Lair:3:   layout_concentric_octagons, chequers_serial_rivers_micro_c,
          serial_bayou_pond_c, nzn_masters_of_martial_movement,
          grunt_megastairs_3, uniq_rupert
Lair:4:   layout_big_grid, swamp_mist, minmay_snake_entry_guardpost_small,
          serial_bayou, serial_bayou_pond_d, serial_bayou_pond_c,
          serial_bayou_lagoon_a, serial_bayou_pond_a, serial_bayou_shore_a,
          wad_woods_river_01
Lair:5:   layout_hall_layers, gammafunk_ghost_wrathful_warriors,
          lemuel_fruit_fields
Lair:6:   minmay_lair_end_enchanted_forest, layout_small_grid,
          minmay_slime_entry_jelly_boxes
Orc:1:    layout_caves, nicolae_orc_flooded_monolith, mines2_lemuel
Orc:2:    st_orc_congregation, layout_caves, minmay_shop_mayhem

Skill      XL: |  1  2  3  4  5  6  7  8  9 10 11 12 13 14 15 |
---------------+----------------------------------------------+-----
Polearms       | 3 |  3.3
Dodging        | 3 4 5 7 8 9 10 | 10.3
Stealth        | 1 2 3 5 6 7 8 9 10 | 10.4
Short Blades   | 1 3 4 6 7 9 10 11 | 11.9
Fighting       | 3 4 5 7 8 9 10 11 | 11.7
Evocations     | 1 3 5 6 |  6.4
Throwing       | 2 3 |  3.0
Shields        | 1 2 3 4 |  4.0
Conjurations   | 4 6 7 |  7.7
Fire Magic     | 3 5 6 7 |  7.1
Spellcasting   | 3 5 6 7 |  7.1
Maces & Flails | 3 7 |  7.6
Armour         | |  0.6

Action                   |  1- 3 |  4- 6 |  7- 9 | 10-12 | 13-15 || total
-------------------------+-------+-------+-------+-------+-------++-------
Melee: Trident           |   126 |       |       |       |       ||   126
       Short sword       |    11 |   129 |   258 |   693 |  1580 ||  2671
       Kick              |       |       |    67 |   306 |   731 ||  1104
       Dagger            |       |       |       |       |    63 ||    63
       Morningstar       |       |       |       |       |    68 ||    68
Throw: Throwing net      |     3 |       |     2 |    10 |     1 ||    16
       Dart              |       |       |       |     5 |     1 ||     6
       Javelin           |       |       |       |       |     3 ||     3
 Cast: Flame Wave        |       |       |       |       |     1 ||     1
Invok: Lunge             |       |     8 |    25 |    22 |    80 ||   135
       Whirlwind         |       |     2 |     5 |     8 |    33 ||    48
       Serpent's Lash    |       |       |       |       |     2 ||     2
       Heavenly Storm    |       |       |       |       |     4 ||     4
 Abil: Wall Jump         |       |       |       |     7 |    19 ||    26
Evoke: Wand              |       |       |     1 |     9 |    29 ||    39
       Tin of tremorston |       |       |       |       |     4 ||     4
  Use: Scroll            |     1 |     7 |    12 |     7 |    15 ||    42
       Potion            |       |       |       |     4 |     2 ||     6
 Stab: Sleeping          |     3 |     6 |     6 |     4 |    40 ||    59
       Held in net/web   |     2 |       |     2 |     7 |     1 ||    12
       Distracted        |       |     2 |     1 |     3 |     9 ||    15
Armor: Leather armour    |    58 |    23 |    35 |    38 |       ||   154
       Troll leather arm |       |       |       |    76 |   258 ||   334
Dodge: Dodged            |   111 |    55 |   109 |   250 |   608 ||  1133
Block: Other             |       |       |    14 |    84 |    85 ||   183
       Reflection        |       |       |       |       |    15 ||    15
       Buckler           |       |       |       |       |   406 ||   406

Table legend: (Time is in decaauts)
 A = Elapsed time spent in this place.
 B = Non-inter-level travel time spent in this place.
 C = Inter-level travel time spent in this place.
 D = Time resting spent in this place.
 E = Time spent auto-exploring this place.
 F = Levels seen in this place.
 G = Mean time per level.
                   A        B        C        D        E       F      G
               +--------+--------+--------+--------+--------+-----+--------+
         Total |  27255 |  26226 |   1029 |   7352 |  11619 |  24 | 1135.6 |
       Dungeon |  17170 |  16557 |    613 |   4660 |   7730 |  15 | 1144.7 |
          Lair |   8624 |   8224 |    400 |   2218 |   3436 |   6 | 1437.3 |
  Orcish Mines |   1350 |   1335 |     15 |    474 |    452 |   2 |  675.0 |
        Bazaar |    110 |    110 |      0 |      0 |      0 |   1 |  110.0 |
               +--------+--------+--------+--------+--------+-----+--------+

Top non-repeatable levels by time:
    D:10: 2257 daAuts
  Lair:4: 1731 daAuts
  Lair:6: 1686 daAuts
     D:2: 1607 daAuts
  Lair:3: 1601 daAuts
  Lair:2: 1528 daAuts
     D:4: 1421 daAuts
     D:8: 1396 daAuts
  Lair:5: 1338 daAuts
     D:9: 1297 daAuts
    D:12: 1270 daAuts
    D:15: 1254 daAuts
    D:13: 1153 daAuts
   Orc:1: 1001 daAuts
    D:14: 981 daAuts
